 Dungeon Crawl Stone Soup version 0.27-a0-836-gfc908b8576 (webtiles) character file.

Game seed: 13268703809349911361

21 dickylongcocking the Magician (level 2, -1/22 HPs)
             Began as a Djinni Fire Elementalist on Mar 31, 2021.
             Slain by a hound (3 damage)
             ... on level 1 of the Dungeon.
             The game lasted 00:01:09 (1756 turns).

dickylongcocking the Magician (DjFE)                Turns: 1756, Time: 00:01:10

Health: -1/22      AC:  3    Str:  7    XL:     2   Next: 83%
Gold:   52         EV: 12    Int: 16    God:
                   SH:  0    Dex: 13

rFire    + + .     SeeInvis .   b - +0 whip
rCold    x . .     Faith    .   (no shield)
rNeg     . . .     Spirit   .   a - +0 robe
rPois    ∞         Reflect  .   (no helmet)
rElec    .         Harm     .   c - +0 cloak
rCorr    .         Rampage  .   (no gloves)
Will     .....                  (boots unavailable)
Stlth    ++........             (no amulet)
HPRegen  0.07/turn              (no ring)
MPRegen  0.00/turn              (no ring)

@: flying
A: fire resistance 2, cold vulnerability 1, float, innate caster, hp casting,
extra vitality 1
a: no special abilities


You were on level 1 of the Dungeon.
You visited 1 branch of the dungeon, and saw 2 of its levels.

You collected 52 gold pieces.

Inventory:

Hand Weapons
 b - a +0 whip (weapon)
Armour
 a - a +0 robe (worn)
 c - a +0 cloak (worn)


   Skills:
 + Level 0.8 Fighting
 - Level 2.2 Dodging
 - Level 1.6 Stealth
 * Level 3.2 Spellcasting


You couldn't memorise any spells.
You knew the following spells:

 Your Spells              Type           Power      Damage    Failure   Level
a - Foxfire               Conj/Fire      52%        2x1d6     4%          1
b - Conjure Flame         Conj/Fire      13%        6-21      14%         3
c - Inner Flame           Hex/Fire       13%        N/A       14%         3
d - Sticky Flame          Conj/Fire      13%        2d4       43%         4
e - Fireball              Conj/Fire      6%         3d5       78%         5
Your spell library was empty.

Dungeon Overview and Level Annotations

Branches:
Dungeon (2/15)

Altars:
Ashenzari


Innate Abilities, Weirdness & Mutations

You are immune to poison.
Your flesh is very heat resistant. (rF++)
You are vulnerable to cold. (rC-)
You float through the air rather than walking.
You learn spells naturally, not from books.
Your magical power is your life essence.
You have superior vitality. (+4 HP)


Message History

Casting: Foxfire (safe; 4% risk of failure)
Confirm with . or Enter, or press ? or * to list all spells.
You conjure some foxfire!
* * * LOW HITPOINT WARNING * * *
The hound barely misses you.
Unknown command.
Unknown command.
Okay, then.
Your foxfire dissipates!
The foxfire hits the hound.
The hound is moderately wounded.
The hound bites you but does no damage.
It was a potion of magic.
Magic courses through your body. The hound barely misses you.
As you read the scroll labelled FEOLIV LOFUMPEULED, it crumbles to dust.
You feel momentarily disoriented.
It was a scroll of magic mapping.
The hound completely misses you. The hound closely misses you.
As you read the scroll labelled TAGUMO IJOLOQ, it crumbles to dust.
It is a scroll of identify.
You don't have any unidentified items.
The hound bites you.
* * * LOW HITPOINT WARNING * * *
Unknown command.
The hound misses you. The hound completely misses you.
Press: ? - help, v - describe, . - travel
Here: a hound (moderately wounded)
The floor.
A hound is nearby!
Unknown command.
Unknown command.
Casting: Foxfire (safe; 4% risk of failure)
Confirm with . or Enter, or press ? or * to list all spells.
You don't have enough health to cast this spell.
Unknown command.
Unknown command.
Unknown command.
The hound misses you. The hound bites you.
You die...

#............#'#.###.#.#.# #.#..
'................# #.#.#.# #.#..
#.......#........###.#.#.# #.###
#.......#..............#.# ##....
#########.........##...#.# #.....
#.......#.####.#.# #.....
#.......#......#.###..### ####
#.......#.............#.. ...#
#.......@...........#.#.. ##.#
#......h#...........#.#..
##.######.......+...........#.#..
#...............#.........#.#.###
#...............#.....###.#.#....
#.........(.#####...........#....
#...............#########.###....
#...............### #.# #.###
#...............'.# #.# #.#..


You could see a hound.

Vanquished Creatures
  3 endoplasms (D:1)
  2 goblins (D:1)
  3 hobgoblins (D:1)
  5 ball pythons (D:1)
  2 bats (D:1)
  2 frilled lizards (D:1)
  3 kobolds
  2 rats (D:1)
22 creatures vanquished.

Vanquished Creatures (others)
  84 foxfires
84 creatures vanquished.

Grand Total: 106 creatures vanquished

Notes
Turn   | Place    | Note
-------+----------+-------------------------------------------
     0 | D:1      | dickylongcocking the Djinni Fire Elementalist began the
                  | quest for the Orb.
     0 | D:1      | Reached XP level 1. HP: 15/15 MP: 0/0
   530 | D:1      | Reached skill level 3 in Spellcasting
   530 | D:1      | Reached XP level 2. HP: 17/21 MP: 0/0
  1623 | D:2      | Found a broken altar of Ashenzari.
  1749 | D:1      | HP: 1/22 [hound (1)]
  1756 | D:1      | Slain by a hound

Illustrated notes

Levels and vault maps discovered:
D:1:      arrival_zaba_pyramid, layout_basic, hangedman_decor_opposing
D:2:      layout_loops_cross, nicolae_overflow_hidden_temple,
          minmay_misc_feat_rows, minmay_cut_off

Skill      XL: |  1 |
---------------+----+-----
Spellcasting   | 3 |  3.2
Fighting       | |  0.8
Dodging        | |  2.2
Stealth        | |  1.6

Action                   || total
-------------------------++-------
Melee: Unarmed           ||     2
 Cast: Foxfire           ||    58
  Use: Scroll            ||     2
       Potion            ||     1
Armor: Robe              ||    10
Dodge: Dodged            ||    35

Table legend: (Time is in decaauts)
 A = Elapsed time spent in this place.
 B = Non-inter-level travel time spent in this place.
 C = Inter-level travel time spent in this place.
 D = Time resting spent in this place.
 E = Time spent auto-exploring this place.
 F = Levels seen in this place.
 G = Mean time per level.
                   A        B        C        D        E       F      G
               +--------+--------+--------+--------+--------+-----+--------+
         Total |   1755 |   1717 |     38 |      0 |   1541 |   2 |  877.5 |
       Dungeon |   1755 |   1717 |     38 |      0 |   1541 |   2 |  877.5 |
               +--------+--------+--------+--------+--------+-----+--------+

Top non-repeatable levels by time:
     D:1: 1649 daAuts
     D:2: 106 daAuts
